 Dungeon Crawl Stone Soup version 0.22.1-2-g9c5b331 (webtiles) character file.

44 Heatsaber the Charmwright (level 3, -1/18 HPs)
             Began as a Vine Stalker Skald on Dec 30, 2018.
             Slain by Sigmund
             ... wielding a +0 scythe
              (10 damage)
             ... on level 2 of the Dungeon.
             The game lasted 00:05:08 (1392 turns).

Heatsaber the Charmwright (Vine Stalker Skald)      Turns: 1392, Time: 00:05:10

Health: -1/18      AC:  4    Str: 13    XL:     3   Next: 62%
Magic:  0/8        EV: 11    Int: 14    God:
Gold:   62         SH:  0    Dex: 13    Spells: 2/7 levels left

rFire    . . .     SeeInvis .   a - +0 short sword
rCold    . . .     Gourm    .   (no shield)
rNeg     . . .     Faith    .   b - +0 leather armour
rPois    .         Spirit   +   (no helmet)
rElec    .         Reflect  .   (no cloak)
rCorr    .         Harm     .   (no gloves)
MR       .....                  h - +0 pair of boots
Stlth    +.........             (no amulet)
HPRegen  0.06/turn              (no ring)
MPRegen  0.11/turn              (no ring)

@: infused, very slightly contaminated
A: fangs 2, magic shield, antimagic bite, no potion heal 3, rot immunity
a: no special abilities


You were on level 2 of the Dungeon.
You were not hungry.

You visited 1 branch of the dungeon, and saw 2 of its levels.

You collected 62 gold pieces.

Inventory:

Hand Weapons
 a - a +0 short sword (weapon)
Armour
 b - a +0 leather armour (worn)
 c - a +0 chain mail
 h - a +0 pair of boots (worn)
Scrolls
 e - a scroll of identify
 g - 2 scrolls of teleportation
Comestibles
 d - 3 rations
 f - 3 chunks of flesh


   Skills:
 - Level 1.7 Fighting
 + Level 2.4 Short Blades
 - Level 1.0 Armour
 - Level 1.5 Dodging
 + Level 2.9 Spellcasting
 + Level 3.5 Charms


You had 2 spell levels left.
You knew the following spells:

 Your Spells              Type           Power        Failure   Level  Hunger
a - Infusion              Chrm           ##..         6%          1    #......
b - Shroud of Golubria    Chrm/Tloc      #.........   21%         2    ##.....
c - Song of Slaying       Chrm           ##......     10%         2    ##.....

Your spell library contained the following spells:

 Spells                   Type           Power        Failure   Level  Hunger
 Regeneration             Chrm/Necr      #.........   38%         3    ###....
 Spectral Weapon          Hex/Chrm       #.......     38%         3    ###....


Dungeon Overview and Level Annotations

Branches:
Dungeon (2/15)

Altars:
Okawaru

Annotations:
D:2 Sigmund


Innate Abilities, Weirdness & Mutations

You have extremely sharp teeth.
When hurt, damage is shared between your health and your magic reserves.
Your bite disrupts and absorbs the magic of your enemies.
Potions cannot restore your health.
You are immune to rotting.


Message History

As you read the scroll labeled DINGYA SOBO, it crumbles to dust.
It is a scroll of identify.
g - 2 scrolls of teleportation The giant cockroach barely misses you.
The giant cockroach bites you but does no damage.
Casting: Infusion (safe; 6% risk of failure)
Confirm with . or Enter, or press ? or * to list all spells.
You begin infusing your attacks with magical energy.
Something hits you but does no damage. The giant cockroach barely misses you.
Casting: Infusion (safe; 6% risk of failure)
Confirm with . or Enter, or press ? or * to list all spells.
Space distorts slightly along a thin shroud covering your body.
The giant cockroach bites you but does no damage.
Casting: Shroud of Golubria (safe; 21% risk of failure)
Confirm with . or Enter, or press ? or * to list all spells.
You miscast Song of Slaying.
You are very lightly contaminated with residual magic.
Something hits you!
Ouch! That really hurt!
You die...

..#...##...........# ###...
#...#..#...........# #.....
..#....#...........# ###...
#...#..#...........# #.....
..#................#########.....
#...#.##.......................#.
..#...#########....#...........#.
#...#.###########..##..........##
..#.........rr.s@..............#
#...#.############.##........>.##
..#...# #.##............ #.....#
..............## ......#
##..########### ......... . #
........# ## #####..... ##. #
.#.## #..


You could see a giant cockroach and 2 rats.

Vanquished Creatures
  An ooze (D:2)
  A leopard gecko (D:1)
  A ball python (D:1)
  5 bats (D:1)
  3 giant cockroaches
  6 goblins
  2 hobgoblins (D:1)
  4 jackals (D:2)
  4 kobolds
  A quokka (D:2)
  3 frilled lizards
  4 rats
35 creatures vanquished.

Notes
Turn   | Place    | Note
-------+----------+-------------------------------------------
     0 | D:1      | Heatsaber the Vine Stalker Skald began the quest for the
                  | Orb.
     0 | D:1      | Reached XP level 1. HP: 11/11 MP: 4/4
    39 | D:1      | Reached skill level 1 in Armour
    84 | D:1      | Reached XP level 2. HP: 12/15 MP: 6/6
   504 | D:1      | Found an iron altar of Okawaru.
   793 | D:1      | Learned a level 2 spell: Shroud of Golubria
   796 | D:1      | Learned a level 2 spell: Song of Slaying
   827 | D:1      | Reached XP level 3. HP: 18/18 MP: 7/7
  1354 | D:2      | Noticed Sigmund
  1392 | D:2      | Slain by Sigmund

Skill      XL: |  1 |
---------------+----+-----
Armour         | 1 |  1.0
Short Blades   | 2 |  2.4
Fighting       | |  1.7
Dodging        | |  1.5
Spellcasting   | |  2.9
Charms         | |  3.5

Action                   || total
-------------------------++-------
Melee: Short sword       ||   106
       Bite              ||    15
 Cast: Infusion          ||     9
       Shroud of Golubri ||     1
  Use: Scroll            ||     1
  Eat: Chunk             ||     2
Armor: Leather armour    ||    42
Dodge: Dodged            ||    68
